 Dungeon Crawl Stone Soup version 0.21.1-1-g345015f (webtiles) character file.

19751 Mirai the Cleaver (level 12, 0/105 HPs)
             Began as a Hill Orc Fighter on Mar 4, 2018.
             Was a Priest of Qazlal.
             Slain by a 15-headed hydra (2 damage)
             ... on level 12 of the Dungeon.
             The game lasted 00:42:26 (12365 turns).

Mirai the Cleaver (Hill Orc Fighter)               Turns: 12365, Time: 00:42:27

Health: 0/105      AC: 21    Str: 21    XL:     12   Next: 72%
Magic:  0/18       EV:  6    Int:  8    God:    Qazlal [***...]
Gold:   774        SH: 18    Dex: 13    Spells: 11/11 levels left

rFire    . . .     SeeInvis +   D - +2 flail (holy)
rCold    . . .     Gourm    .   c - +1 shield
rNeg     . . .     Faith    .   g - +0 plate armour
rPois    +         Spirit   +   (helmet restricted)
rElec    .         Reflect  .   y - scarf {Spirit}
rCorr    .         Harm     .   Q - +0 pair of gloves (curse)
MR       .....                  P - +2 pair of boots
Stlth    ..........             I - amulet of guardian spirit
HPRegen  0.27/turn              J - ring of see invisible
MPRegen  0.16/turn              m - ring of poison resistance

@: studying Armour
A: antennae 1
a: Upheaval, Elemental Force, Renounce Religion


You were on level 12 of the Dungeon.
You worshipped Qazlal.
Qazlal was most pleased with you.
You were not hungry.

You visited 3 branches of the dungeon, and saw 14 of its levels.

You collected 774 gold pieces.

Inventory:

Hand Weapons
 a - a +1 war axe
 s - a +3 vampiric hand axe
 D - a +2 flail of holy wrath (weapon)
 S - a +0 war axe
Missiles
 t - 26 tomahawks (quivered)
Armour
 c - a +1 shield (worn)
 g - a +0 plate armour (worn)
 l - a +0 helmet
 y - a scarf of spirit shield (worn)
 C - a +0 helmet
 E - a +2 robe of cold resistance
 L - a +1 robe of magic resistance
 P - a +2 pair of boots (worn)
 Q - a cursed +0 pair of gloves (worn)
Jewellery
 i - an uncursed ring of ice
 m - a ring of poison resistance (right hand)
 u - an uncursed ring of magical power
 v - a +5 amulet of reflection
 H - an uncursed ring of protection from cold
 I - an amulet of guardian spirit (around neck)
 J - a ring of see invisible (left hand)
Wands
 r - a wand of iceblast (8)
 x - a wand of flame (34)
 B - a wand of paralysis (10)
 F - a wand of acid (15)
 T - a wand of clouds (6)
Scrolls
 e - 7 scrolls of remove curse
 h - 3 scrolls of fog
 j - 4 scrolls of enchant armour
 o - 3 scrolls of enchant weapon
 q - 2 scrolls of fear
 K - 4 scrolls of identify
Potions
 k - 2 potions of magic
 p - 5 potions of haste
 z - a potion of curing
 G - 2 potions of degeneration {unknown}
 M - 2 potions of flight
 O - a potion of invisibility {unknown}
Books
 d - a book of Cantrips

   Spells                             Type                      Level
   a - Confusing Touch                Hexes                        1
   b - Animate Skeleton               Necromancy                   1
   c - Summon Small Mammal            Summoning                    1
   d - Apportation                    Translocation                1
 n - a book of Changes

   Spells                             Type                      Level
   a - Beastly Appendage              Transmutation                1
   b - Sticks to Snakes               Transmutation                2
   c - Spider Form                    Transmutation/Poison         3
   d - Ice Form                       Ice/Transmutation            4
   e - Blade Hands                    Transmutation                5
 A - a manual of Armour
Comestibles
 f - 21 rations
 w - 3 chunks of flesh


   Skills:
 + Level 9.5 Fighting
 + Level 14.9 Axes
 * Level 13.0 Armour
 + Level 12.1 Shields
 * Level 8.4 Invocations


You had 11 spell levels left.
You didn't know any spells.

Dungeon Overview and Level Annotations

Branches:
Dungeon (12/15)            Temple (1/1) D:6            Lair (0/6) D:9
    Orc (1/2) D:9

Altars:
Ashenzari
Dithmenos
Elyvilon
Fedhas
Gozag
Hepliaklqana
Kikubaaqudgha
Makhleb
Nemelex Xobeh
Okawaru
Qazlal
Ru
Sif Muna
Trog
Uskayaw
Vehumet
Wu Jian
Xom
Yredelemnul
Zin
The Shining One

Shops:
D:9 [

Annotations:
D:12 exclusion: ice statue, Harold


Innate Abilities, Weirdness & Mutations

You have a pair of small antennae on your head.


Message History

This is a scroll of acquirement! [a] Weapon [b] Armour [c] Jewellery [d] Book [e] Staff [f] Evocable [g] Food [h] Gold What kind of item would you like to acquire? (\ to view known items) [a] Weapon [b] Armour [c] Jewellery [d] Book [e] Staff [f] Evocable [g] Food [h] Gold What kind of item would you like to acquire? (\ to view known items)
Something appears at your feet! You block the 15-headed hydra's attack.
The 15-headed hydra bites you but does no damage. x2
You block the 15-headed hydra's attack. x2
The 15-headed hydra barely misses you. The 15-headed hydra bites you.
* * * LOW HITPOINT WARNING * * *
The 15-headed hydra bites you but does no damage.
You block the 15-headed hydra's attack. The 15-headed hydra bites you.
* * * LOW HITPOINT WARNING * * *
The 15-headed hydra bites you.
* * * LOW HITPOINT WARNING * * *
The 15-headed hydra bites you but does no damage.
The 15-headed hydra bites you.
You die...

##.# # ########### #.# #
##.........# #.# ## .'D........#
#.# #. ##(........# #.# #.
##.........# #.# #.
##)........### #.# #.
#.........'.########.##########.
#.........#...D@..............%.
#.........##########..##.######.
#######'### ##.##.## #. #>.
#.##..# #. ###D ####...##### #..
#### #.[...#... #.# #..#
.........ยงยง #.# #..#
.....8.....8 #.# #..#
..............


You could see a 15-headed hydra.

Vanquished Creatures
  Rupert (D:12)
  Fannar (D:10)
  4 two-headed ogres
  2 unseen horrors (D:10)
  2 orc sorcerers (Orc:1)
  A cyclops (D:12)
  A centaur zombie (D:11)
  3 ugly things (D:11)
  A gargoyle (D:10)
  6 trolls
  A hornet (D:12)
  A meliai zombie (D:11)
  2 slime creatures (D:11)
  4 hippogriffs
  A shadow (D:12)
  A wyvern (D:10)
  A vampire (D:11)
  4 yaks (D:10)
  Menkaure (D:5)
  A basilisk (D:12)
  3 water moccasins
  4 orc warriors
  An ice beast (D:6)
  An eye of draining (D:12)
  3 phantoms
  A black bear (D:12)
  3 sky beasts
  9 ogres
  6 centaurs
  2 necrophages
  A big kobold (D:7)
  6 bullfrogs
  A wyvern zombie (D:12)
  2 scorpions
  A water moccasin skeleton (D:9)
  5 wights (D:11)
  8 howler monkeys
  9 crimson imps
  A bullfrog zombie (D:12)
  4 jellies
  10 hounds
  4 orc priests
  4 bullfrog skeletons
  10 orc wizards
  Jessica (D:3)
  Ijyb (D:3)
  3 iguanas
  7 worker ants
  A hound zombie (D:9)
  2 hound skeletons
  2 worker ant zombies
  Robin (D:3)
  12 gnolls
  2 howler monkey skeletons (D:11)
  14 adders
  2 shadow imps (D:5)
  An ooze (D:1)
  4 worms
  3 dart slugs
  6 leopard geckos
  43 orcs
  4 giant cockroaches
  12 goblins
  11 hobgoblins
  2 jackals (D:5)
  2 quokkas
  A ball python (D:2)
  6 bats
  4 frilled lizards (D:1)
  A jackal zombie (D:5)
  8 kobolds
  3 quokka skeletons
  6 rats
303 creatures vanquished.

Vanquished Creatures (others)
  A centaur (D:9)
1 creature vanquished.

Grand Total: 304 creatures vanquished

Notes
Turn   | Place    | Note
-------+----------+-------------------------------------------
     0 | D:1      | Mirai the Hill Orc Fighter began the quest for the Orb.
     0 | D:1      | Reached XP level 1. HP: 19/19 MP: 1/1
   286 | D:1      | Reached XP level 2. HP: 18/27 MP: 2/2
   334 | D:1      | Reached skill level 3 in Axes
   567 | D:1      | Reached XP level 3. HP: 33/33 MP: 3/3
  1098 | D:2      | Reached XP level 4. HP: 26/40 MP: 4/4
  1389 | D:2      | Reached skill level 4 in Axes
  1859 | D:3      | Noticed Robin
  1864 | D:3      | Reached XP level 5. HP: 37/47 MP: 5/5
  1869 | D:3      | Killed Robin
  2111 | D:3      | Found an opulent altar of Gozag.
  2112 | D:3      | Found a sparkling altar of Nemelex Xobeh.
  2251 | D:3      | Noticed Ijyb
  2256 | D:3      | Paralysed by Ijyb for 4 turns
  2268 | D:3      | Killed Ijyb
  2307 | D:3      | Reached skill level 5 in Axes
  2389 | D:3      | Noticed Jessica
  2417 | D:3      | Killed Jessica
  2417 | D:3      | Reached XP level 6. HP: 6/53 MP: 1/6
  3205 | D:3      | Found a blossoming altar of Fedhas.
  3520 | D:4      | Reached skill level 6 in Axes
  4191 | D:4      | Found a hazy altar of Hepliaklqana.
  4259 | D:4      | Reached skill level 5 in Shields
  4323 | D:4      | Reached XP level 7. HP: 55/60 MP: 5/7
  4436 | D:5      | Entered Level 5 of the Dungeon
  4537 | D:5      | Reached skill level 5 in Fighting
  4568 | D:5      | Reached skill level 7 in Axes
  4568 | D:5      | Reached skill level 5 in Armour
  4953 | D:5      | Found a basalt altar of Yredelemnul.
  4955 | D:5      | Noticed Menkaure
  4957 | D:5      | Found an ancient bone altar of Kikubaaqudgha.
  4960 | D:5      | Found a transporter.
  4976 | D:5      | Found a transporter.
  5027 | D:5      | Reached skill level 8 in Axes
  5027 | D:5      | Reached XP level 8. HP: 25/69 MP: 3/8
  5262 | D:5      | Found a white marble altar of Elyvilon.
  5325 | D:5      | Found a deep blue altar of Sif Muna.
  5449 | D:5      | Killed Menkaure
  5460 | D:5      | Reached skill level 9 in Axes
  6185 | D:6      | Gained mutation: You have a pair of small antennae on your head. [potion of mutation]
  6185 | D:6      | Gained mutation: Your muscles are strong. (Str +2) [potion of mutation]
  6185 | D:6      | Gained mutation: You evolve. [potion of mutation]
  6346 | D:6      | Found a staircase to the Ecumenical Temple.
  6352 | Temple   | Entered the Ecumenical Temple
  6418 | Temple   | Became a worshipper of Qazlal Stormbringer
  6573 | D:7      | Reached XP level 9. HP: 64/75 MP: 9/9
  6627 | D:7      | Reached skill level 10 in Axes
  7138 | D:7      | Reached skill level 11 in Axes
  7434 | D:8      | Reached * piety under Qazlal
  7525 | D:8      | You fall through a shaft!
  7561 | D:9      | Noticed a troll
  7566 | D:9      | Reached XP level 10. HP: 58/86 MP: 7/10
  7576 | D:9      | Reached skill level 12 in Axes
  7806 | D:9      | Reached ** piety under Qazlal
  7808 | D:9      | Found a staircase to the Lair.
  7895 | D:9      | Found a staircase to the Orcish Mines.
  7897 | D:9      | Found Qaddec's Antique Armour Emporium.
  7941 | D:9      | Reached skill level 1 in Invocations
  8087 | D:9      | Found a glowing silver altar of Zin.
  8091 | D:9      | Found a shattered altar of Ashenzari.
  8096 | D:9      | Found a shadowy altar of Dithmenos.
  8407 | D:9      | Noticed a two-headed ogre
  8478 | D:9      | Killed a two-headed ogre
  8911 | Orc:1    | Entered Level 1 of the Orcish Mines
  8911 | Orc:1    | Noticed an orc sorcerer
  8929 | Orc:1    | Killed an orc sorcerer
  8990 | Orc:1    | Noticed an orc sorcerer
  9008 | Orc:1    | Killed an orc sorcerer
  9008 | Orc:1    | Reached skill level 13 in Axes
  9333 | D:10     | Entered Level 10 of the Dungeon
  9371 | D:10     | Noticed an unseen horror
  9397 | D:10     | Killed an unseen horror
  9397 | D:10     | Reached XP level 11. HP: 59/94 MP: 11/14
  9421 | D:10     | Reached skill level 10 in Shields
  9465 | D:10     | Reached skill level 10 in Armour
  9593 | D:10     | Reached skill level 5 in Invocations
  9785 | D:10     | Noticed an unseen horror
  9796 | D:10     | Killed an unseen horror
  9833 | D:10     | Noticed a two-headed ogre
  9842 | D:10     | Killed a two-headed ogre
  9843 | D:10     | Noticed Fannar
  9876 | D:10     | Killed Fannar
  9876 | D:10     | Reached skill level 14 in Axes
 10107 | D:10     | Noticed a two-headed ogre
 10117 | D:10     | Killed a two-headed ogre
 10294 | D:11     | Reached *** piety under Qazlal
 10298 | D:11     | Noticed a white ugly thing
 10315 | D:11     | Killed a white ugly thing
 10691 | D:11     | Reached XP level 12. HP: 41/102 MP: 7/17
 10794 | D:11     | Lost mutation: Your muscles are strong. (Str +2) [evolution]
 10794 | D:11     | Lost mutation: You evolve. [end of evolution]
 11481 | D:11     | Noticed a two-headed ogre
 11496 | D:11     | Killed a two-headed ogre
 11863 | D:12     | Noticed Rupert
 11874 | D:12     | Paralysed by Rupert for 4 turns
 11915 | D:12     | Killed Rupert
 12066 | D:12     | Noticed a five-headed hydra
 12104 | D:12     | Noticed Harold
 12363 | D:12     | HP: 1/104 [15-headed hydra (6)]
 12365 | D:12     | Identified a scroll of acquirement
 12365 | D:12     | Slain by a 15-headed hydra

Skill      XL: |  1  2  3  4  5  6  7  8  9 10 11 12 |
---------------+-------------------------------------+-----
Axes           | 3 4 5 6 8 9 11 13 14 | 14.9
Fighting       | 4 5 6 7 8 9 |  9.5
Armour         | 4 5 6 7 9 11 13 | 13.0
Shields        | 4 5 7 8 9 11 12 | 12.1
Invocations    | 4 6 8 |  8.4

Action                   |  1- 3 |  4- 6 |  7- 9 | 10-12 || total
-------------------------+-------+-------+-------+-------++-------
Melee: War axe           |   127 |   157 |   364 |   493 ||  1141
       Hand axe          |       |       |       |   232 ||   232
       Flail             |       |       |       |     3 ||     3
Invok: Upheaval          |       |       |       |     4 ||     4
Evoke: Wand              |       |       |    10 |       ||    10
  Use: Potion            |       |     5 |     5 |     2 ||    12
       Scroll            |       |     8 |     1 |     4 ||    13
  Eat: Chunk             |     1 |    10 |     8 |    13 ||    32
       Ration            |       |       |     1 |     2 ||     3
Armor: Scale mail        |    45 |    24 |       |       ||    69
       Chain mail        |    31 |    23 |    53 |       ||   107
       Leather armour    |       |     2 |       |       ||     2
       Plate armour      |       |       |    77 |   210 ||   287
Dodge: Dodged            |    57 |    43 |    46 |    91 ||   237
Block: Shield            |    79 |   130 |   320 |   652 ||  1181
       Reflection        |       |       |    20 |    11 ||    31
